 Dungeon Crawl Stone Soup version 0.20.1-1-g8b1a95d (webtiles) character file.

1639 microfolk the Chopper (level 8, 0/73 HPs)
             Began as a Hill Orc Fighter on Jan 3, 2018.
             Was a Follower of Beogh.
             Succumbed to Plasmagod's ghost's poison
             ... on level 6 of the Dungeon.
             The game lasted 00:26:18 (6057 turns).

microfolk the Chopper (Hill Orc Fighter)            Turns: 6057, Time: 00:26:19

Health: 0/73       AC:  7    Str: 21    XL:     8   Next: 99%
Magic:  8/8        EV: 10    Int: 13    God:    Beogh [*.....]
Gold:   155        SH: 10    Dex: 10    Spells: 7/7 levels left

rFire    . . .     SeeInvis .   k - +2 hand axe (flame)
rCold    . . .     Gourm    .   c - +0 shield
rNeg     . . .     Faith    .   b - +0 scale mail
rPois    .         Spirit   .   (no helmet)
rElec    .         Reflect  .   H - scarf {cloud immunity}
rCorr    .         Harm     .   (no gloves)
MR       .....                  l - +1 pair of boots
Stlth    ..........             (no amulet)
Regen    0.3/turn               g - +5 ring of slaying
MPRegen  0.2/turn               (no ring)

@: brilliant, lethally poisoned (0 -> -44), hasted, very quick
A: repulsion field 1, deformed body
a: Renounce Religion


You were on level 6 of the Dungeon.
You worshipped Beogh.
Beogh was aware of your devotion.
You were not hungry.

You visited 1 branch of the dungeon, and saw 6 of its levels.

You collected 155 gold pieces.

Inventory:

Hand Weapons
 a - a +0 long sword
 k - a +2 hand axe of flaming (weapon)
 v - a +0 hunting sling
Missiles
 e - 139 stones (quivered)
Armour
 b - a +0 scale mail (worn)
 c - a +0 shield (worn)
 l - a +1 pair of boots (worn)
 x - a +0 pair of boots
 H - a scarf of cloud immunity (worn)
Jewellery
 g - a +5 ring of slaying (left hand)
Wands
 o - a wand of lightning (4/15)
Scrolls
 h - a scroll of enchant armour {unknown}
 m - 2 scrolls of remove curse
 s - 5 scrolls of teleportation
 y - a scroll of fear {unknown}
 B - a scroll of recharging {unknown}
 D - a scroll of fog {unknown}
 G - a scroll of blinking
 I - a scroll of immolation {unknown}
 J - a scroll of amnesia {unknown}
 L - a scroll of enchant weapon {unknown}
Potions
 d - a potion of might
 j - 2 potions of flight
 p - a potion of invisibility
 q - 2 potions of ambrosia
 u - 2 potions of agility
 z - a potion of curing {unknown}
 C - a potion of magic {unknown}
 E - a potion of degeneration {unknown}
 F - a potion of lignification {unknown}
Comestibles
 f - 3 bread rations
 i - 7 meat rations
 n - 7 royal jellies
 A - 2 fruits
 M - 3 chunks of flesh


   Skills:
 + Level 7.1 Fighting
 - Level 4.4 Long Blades
 * Level 7.2 Axes
 + Level 6.3 Armour
 + Level 6.4 Shields


You had 7 spell levels left.
You didn't know any spells.

Dungeon Overview and Level Annotations

Branches:
Dungeon (6/15)             Temple (0/1) D:4

Altars:
Ru

Annotations:
D:4 Menkaure; damerell's ghost, amateur DEFE
D:5 Prince Ribbit; dscm's ghost, amateur DsFi
D:6 Plasmagod's ghost, novice MfTm


Innate Abilities, Weirdness & Mutations

You are surrounded by a mild repulsion field. (EV +2)
Armour fits poorly on your strangely shaped body.


Message History

* * * LOW HITPOINT WARNING * * *
You feel sick.
You hit Plasmagod's ghost but do no damage.
Plasmagod's ghost is heavily damaged.
* * * LOW HITPOINT WARNING * * *
You feel sick. Plasmagod's ghost hits you.
* * * LOW HITPOINT WARNING * * *
Your shield and scale mail prevent you from hitting Plasmagod's ghost.
Plasmagod's ghost is heavily damaged.
* * * LOW HITPOINT WARNING * * *
You feel sick. Plasmagod's ghost hits you.
* * * LOW HITPOINT WARNING * * *
You are more poisoned.
You closely miss Plasmagod's ghost.
Plasmagod's ghost is heavily damaged.
* * * LOW HITPOINT WARNING * * *
You feel sick.
It was a potion of mutation.
You feel extremely strange.
Your body twists and deforms.
You begin to radiate repulsive energy.
You die...

#....##......# #........#
#######..##.## #.......##
##.##.# ####.#### ####
###..#.####### #.# ...#
#......#.....# #.#
##.######.##.#W#.###.# #.#
........#(#..#.#.###.#####.#
#.#####.#......#.##........#
#.....#.###.#..#@##..#######
###.[.....#.#.>#W##.......#
#...<.#.#.#.#....###.####.#
....).#.#.#.#.#### #.# #.#
#.....#...#.#.# #.# #.#
#....######.#.# #.# #.#
............#.# #.# #.#
#.#<#.#######.# #.# #.#
#.#.#.#.......# #.####.#


You could see Plasmagod's ghost.

Vanquished Creatures
  A hungry ghost (D:6)
  2 ice beasts
  2 ogres (D:6)
  2 phantoms (D:6)
  3 centaurs
  A bullfrog (D:6)
  3 scorpions (D:6)
  A howler monkey (D:5)
  2 hounds (D:5)
  A jelly (D:5)
  An orc priest (D:6)
  2 orc wizards
  A centaur skeleton (D:6)
  Jessica (D:3)
  Natasha (D:4)
  3 iguanas
  2 hound zombies
  5 adders
  2 adder skeletons
  2 worms
  2 dart slugs
  3 leopard geckos
  10 orcs
  2 ball pythons
  6 giant cockroaches
  11 goblins
  3 hobgoblins
  7 jackals
  6 quokkas
  8 bats
  9 frilled lizards
  2 kobolds
  2 leopard gecko zombies
  6 rats
115 creatures vanquished.

Vanquished Creatures (others)
  3 orc priests (D:5)
  An orc wizard (D:5)
  A dart slug (D:5)
  An orc (D:5)
6 creatures vanquished.

Grand Total: 121 creatures vanquished

Notes
Turn   | Place    | Note
-------+----------+-------------------------------------------
     0 | D:1      | microfolk the Hill Orc Fighter began the quest for the Orb.
     0 | D:1      | Reached XP level 1. HP: 19/19 MP: 1/1
   161 | D:1      | Reached XP level 2. HP: 27/27 MP: 2/2
   716 | D:2      | Reached XP level 3. HP: 20/33 MP: 3/3
  1327 | D:2      | Reached XP level 4. HP: 40/40 MP: 4/4
  2142 | D:3      | Noticed Jessica
  2282 | D:3      | Found a sacrificial altar of Ru.
  2425 | D:3      | Killed Jessica
  2425 | D:3      | Reached XP level 5. HP: 45/47 MP: 5/5
  2876 | D:4      | Found a staircase to the Ecumenical Temple.
  2935 | D:4      | Noticed Menkaure
  3238 | D:5      | Entered Level 5 of the Dungeon
  3309 | D:4      | Noticed Natasha
  3477 | D:5      | Noticed dscm's ghost (amateur DsFi)
  3599 | D:4      | Noticed damerell's ghost (amateur DEFE)
  3621 | D:5      | Reached skill level 5 in Fighting
  3621 | D:5      | Reached XP level 6. HP: 48/56 MP: 6/6
  3660 | D:5      | Became a worshipper of Beogh the Brigand
  4025 | D:4      | Reached skill level 1 in Axes
  4059 | D:4      | Killed Natasha
  4479 | D:5      | Noticed an ice beast
  4487 | D:5      | Reached XP level 7. HP: 61/61 MP: 7/7
  4489 | D:5      | Reached skill level 5 in Shields
  4501 | D:5      | Reached skill level 5 in Armour
  4711 | D:5      | Noticed Prince Ribbit
  4894 | D:6      | Noticed Plasmagod's ghost (novice MfTm)
  5196 | D:6      | Reached XP level 8. HP: 60/70 MP: 8/8
  5232 | D:6      | Reached * piety under Beogh
  5320 | D:6      | Reached skill level 5 in Axes
  6056 | D:6      | HP: 3/73 [poisoned by Plasmagod's ghost]
  6057 | D:6      | Gained mutation: Armour fits poorly on your strangely shaped body. [potion of mutation]
  6057 | D:6      | Gained mutation: You are surrounded by a mild repulsion field. (EV +2) [potion of mutation]
  6057 | D:6      | Succumbed to Plasmagod's ghost's poison

Skill      XL: |  1  2  3  4  5  6  7  8 |
---------------+-------------------------+-----
Fighting       | 4 5 6 7 |  7.1
Long Blades    | 3 4 |  4.4
Shields        | 4 5 6 |  6.4
Armour         | 4 5 6 |  6.3
Axes           | 2 4 7 |  7.2

Action                   |  1- 3 |  4- 6 |  7- 9 || total
-------------------------+-------+-------+-------++-------
Melee: Long sword        |    82 |   156 |       ||   238
       Hand axe          |       |    15 |   150 ||   165
Throw: Stone             |    48 |    56 |       ||   104
Invok: Convert to Beogh  |       |     1 |       ||     1
  Use: Scroll            |       |     9 |     2 ||    11
       Potion            |       |       |     3 ||     3
  Eat: Chunk             |     1 |     5 |     3 ||     9
       Bread ration      |       |     2 |       ||     2
Armor: Scale mail        |    29 |    86 |    35 ||   150
Dodge: Dodged            |    23 |    62 |    44 ||   129
Block: Shield            |    35 |   103 |    55 ||   193
       Rpst.: Long sword |     6 |    16 |       ||    22
